 Dungeon Crawl Stone Soup version 0.30-a0-718-geaa24f58ff (webtiles) character file.

Game seed: 5476819164262650796

254 browni3141 the Chopper (level 5, -7/41 HPs)
             Began as a Mummy Cinder Acolyte on Jan 25, 2023.
             Was a High Priest of Ignis.
             Killed by divine providence
             ... invoked by an orc priest
              (9 damage)
             ... on level 3 of the Dungeon.
             The game lasted 00:03:46 (2152 turns).

browni3141 the Chopper (Mummy Cinder Acolyte)       Turns: 2152, Time: 00:03:47

Health: -7/41      AC:  6    Str: 19    XL:     5   Next: 90%
Magic:  16/16      EV: 10    Int: 14    God:    Ignis [*****.]
Gold:   181        SH:  0    Dex:  7    Spells: 4/6 levels left

rFire   . . .      SeeInvis .    a - -1 hand axe (flame)
rCold   + . .      Faith    +    (no shield)
rNeg    + + +      Spirit   .    n - +0 ring mail
rPois   ∞          Reflect  .    (no helmet)
rElec   .          Harm     .    c - scarf {shadows}
rCorr   .          Rampage  .    (no gloves)
Will    .....                    e - +0 pair of boots
Stlth   +                        (no amulet)
HPRegen 0.26/turn                g - ring of magical power
MPRegen 0.15/turn                (no ring)

@: rising, flying
A: cold resistance 1, negative energy resistance 3, torment resistance 2, heat
vulnerability 1, in touch with death 1, no potions, faith
a: Renounce Religion, Fiery Armour, Foxfire Swarm


You were on level 3 of the Dungeon.
You worshipped Ignis.
Ignis was extremely pleased with you.
You visited 1 branch of the dungeon, and saw 4 of its levels.

You collected 181 gold pieces.

Inventory:

Hand Weapons
 a - a -1 hand axe of flaming (weapon)
Armour
 b - a +0 robe
 c - a scarf of shadows (worn)
 e - a +0 pair of boots (worn)
 n - a +0 ring mail (worn)
Magical Staves
 q - a staff of cold
Jewellery
 g - a ring of magical power (left hand)
Scrolls
 d - 2 scrolls of teleportation
 f - 2 scrolls of identify {unknown}
 h - a scroll of vulnerability {unknown}
 i - 2 scrolls of enchant weapon {unknown}
 j - 2 scrolls of fog {unknown}
 k - a scroll of poison {unknown}
 l - 2 scrolls of magic mapping {unknown}
 m - a scroll of brand weapon {unknown}
 o - a scroll of silence {unknown}
 p - a scroll of summoning {unknown}
 r - a scroll of enchant armour {unknown}


   Skills:
 - Level 3.0 Fighting
 * Level 5.1 Axes
 - Level 2.0 Stealth
 - Level 1.3 Spellcasting
 - Level 2.4 Fire Magic


You had 4 spell levels left.
You knew the following spells:

 Your Spells              Type           Power      Damage    Failure   Level
a - Scorch                Fire           14%        2d5       24%         2

Your spell library contained the following spells:

 Spells                   Type           Power      Damage    Failure   Level


Dungeon Overview and Level Annotations

Branches:
Dungeon (4/15)
 Temple: D:4-7

Altars:
Uskayaw

Shops:
D:2 *

Annotations:
D:3 Grinder, Ijyb


Innate Abilities, Weirdness & Mutations

You are immune to poison.
Your flesh is cold resistant. (rC+)
You are immune to negative energy. (rN+++)
You are immune to unholy pain and torment.
You are vulnerable to heat. (rF-)
You are in touch with the powers of death.
You do not drink.
You have a special connection with the divine. (Faith)


Message History

The grasping roots release their grip on you.
You can't drink.
Your foxfire dissipates!
Ijyb attacks as you move away! Ijyb hits you with a +0 club.
* * * LOW HITPOINT WARNING * * *
The orc priest attacks as you move away!
The orc priest closely misses you.
The foxfire hits Ijyb.
Ijyb is lightly wounded.
The foxfire hits Ijyb but does no damage.
Ijyb is lightly wounded.
The foxfire hits Ijyb but does no damage.
Ijyb is lightly wounded.
The foxfire hits Ijyb.
Ijyb is moderately wounded.
The foxfire hits Ijyb.
Ijyb is moderately wounded.
The foxfire hits Ijyb.
Ijyb is moderately wounded.
The foxfire hits Ijyb but does no damage.
Ijyb is moderately wounded.
The foxfire hits Ijyb but does no damage.
Ijyb is moderately wounded.
The foxfire hits Ijyb.
Ijyb is moderately wounded.
The foxfire hits Ijyb.
Ijyb is heavily wounded.
You begin to rise into the air.
The orc priest hits you but does no damage.
The orc barely misses you.
Found a stone staircase leading up.
Ijyb zaps a wand.
The roots erupt in riotous growth!
The orc priest is unaffected.
The orc is unaffected.
The grasping roots grab you!
Ijyb is unaffected.
The orc is unaffected.
The grasping roots constrict you.
* * * LOW HITPOINT WARNING * * *
Unknown command.
You escape the roots grasp.
The orc priest invokes the aid of Beogh against you.
Beogh smites you!
You die...

#......###.#.###
........
#.......##.#.#
.......#
#........#.#.#
#......#
###........#.#
#......#
#.........
####.#.#
#......#.[ #.#.#
##....##.#
#....##.# ##
#....##@# ...
#....!..##...$
######.o.....[
#ogo##... #.S.#
< #..K..
##......
##..!... ....##


You could see Ijyb, an orc priest, 2 orcs, a ball python and a kobold.

Vanquished Creatures
  Sigmund (D:3)
  2 adders (D:2)
  2 worms (D:2)
  6 dart slugs
  An orc (D:3)
  4 bats
  3 endoplasms
  2 giant cockroaches
  7 goblins
  A hobgoblin (D:2)
  4 jackals (D:3)
  7 kobolds
  2 quokkas (D:1)
  6 ball pythons
  2 frilled lizards
  7 rats
57 creatures vanquished.

Vanquished Creatures (others)
  9 foxfires (D:3)
9 creatures vanquished.

Grand Total: 66 creatures vanquished

Notes
Turn   | Place    | Note
-------+----------+-------------------------------------------
     0 | D:1      | browni3141 the Mummy Cinder Acolyte began the quest for the
                  | Orb.
     0 | D:1      | Reached XP level 1. HP: 18/18 MP: 2/2
    61 | D:1      | Reached skill level 1 in Stealth
   251 | D:1      | Reached XP level 2. HP: 24/24 MP: 4/4
   795 | D:2      | Gained mutation: You are in touch with the powers of death.
                  | [Mummy growth]
   795 | D:2      | Reached XP level 3. HP: 22/29 MP: 5/5
   863 | D:2      | Reached skill level 3 in Axes
   986 | D:2      | Found a hide-covered altar of Uskayaw.
  1258 | D:2      | Reached XP level 4. HP: 18/35 MP: 6/6
  1418 | D:2      | Found Oblomupo's Assorted Antiques.
  1465 | D:2      | Found a faded altar of an unknown god.
  1669 | D:2      | Learned a level 2 spell: Scorch
  1898 | D:3      | Noticed Grinder
  1960 | D:3      | Noticed Sigmund
  1979 | D:3      | Killed Sigmund
  1980 | D:3      | Reached skill level 5 in Axes
  1980 | D:3      | Reached XP level 5. HP: 10/41 MP: 7/7
  2141 | D:3      | Noticed Ijyb
  2149 | D:3      | HP: 2/41 [Ijyb/+0 club (3)]
  2152 | D:3      | Killed from afar by an orc priest

Illustrated notes

Levels and vault maps discovered:
D:1:      eino_arrival_water_cross, layout_basic
D:2:      layout_rooms, hellmonk_ecumenical_altar_inner_sanctum, serial_shops,
          nicolae_shop_competitors_out_of_business, basic_altar
D:3:      cheibrodos_thug_alley, layout_basic, mainiacjoe_overflow_alcove_2,
          uniq_grinder, uniq_sigmund, uniq_ijyb
D:4:      layout_loops_cross, mainiacjoe_overflow_chevrons,
          minmay_temple_entry_butterflies, hex_medium, kennysheep_potato,
          uniq_edmund

Skill      XL: |  1  2  3  4 |
---------------+-------------+-----
Stealth        | 1 2 |  2.0
Axes           | 3 5 |  5.1
Fighting       | |  3.0
Spellcasting   | |  1.3
Fire Magic     | |  2.4

Action                     |  1- 3 |  4- 6 || total
---------------------------+-------+-------++-------
  Melee: Hand axe          |   120 |    66 ||   186
         Punch             |     1 |       ||     1
 Invoke: Fiery Armour      |       |     1 ||     1
         Foxfire Swarm     |       |     1 ||     1
         Rising Flame      |       |     1 ||     1
    Use: Scroll            |       |     2 ||     2
   Stab: Sleeping          |     3 |     2 ||     5
 Armour: Robe              |    36 |     6 ||    42
         Ring mail         |       |    36 ||    36
  Dodge: Dodged            |    70 |    48 ||   118

Table legend: (Time is in decaauts)
 A = Elapsed time spent in this place.
 B = Non-inter-level travel time spent in this place.
 C = Inter-level travel time spent in this place.
 D = Time resting spent in this place.
 E = Time spent auto-exploring this place.
 F = Levels seen in this place.
 G = Mean time per level.
                   A        B        C        D        E       F      G
               +--------+--------+--------+--------+--------+-----+--------+
         Total |   2181 |   2006 |    175 |    201 |   1292 |   4 |  545.2 |
       Dungeon |   2181 |   2006 |    175 |    201 |   1292 |   4 |  545.2 |
               +--------+--------+--------+--------+--------+-----+--------+

Top non-repeatable levels by time:
     D:1: 969 daAuts
     D:2: 843 daAuts
     D:3: 331 daAuts
     D:4: 37 daAuts
